SL
DETROIT RENAISSANCE @ PHOENIX HOTSPUR
07/04/2024
 
TOP OF THE 1ST
Detroit Renaissance batting - Pitching for Phoenix Hotspur : LHP Wes Hamm
Pitching: LHP Wes Hamm
Batting: RHB Ulbert Sutkamp 0-0: Called Strike
0-1: Ground out 4-3 (Groundball, 4M)
Batting: RHB Bernardo Herrera 0-0: Foul Ball, location: 2F
0-1: Ground out 5-3 (Groundball, 56)
Batting: LHB Mike Silver 0-0: Ball
1-0: Ball
2-0: Ground out 6-3 (Groundball, 6M)
Top of the 1st over - 0 run(s), 0 hit(s), 0 error(s), 0 left on base; Detroit 0 - Phoenix 0
BOTTOM OF THE 1ST
Phoenix Hotspur batting - Pitching for Detroit Renaissance : LHP Lorenzo Sánchez
Pitching: LHP Lorenzo Sánchez
Batting: LHB Arthur Ryan 0-0: Ball
1-0: Called Strike
1-1: Swinging Strike
1-2: DOUBLE (Flyball, 89XD)
Batting: SHB Pedro Gómez 0-0: Foul Ball, location: 2F
0-1: Ball
1-1: Ground out 5-3 (Groundball, 56S)
Arthur Ryan to third
Batting: RHB Martín Martínez 0-0: Fly out, F9 (Flyball, 9LM)
Runner from 3rd tags up, SCORES, no throw
Batting: RHB Raúl Robles 0-0: Foul Ball, location: 2F
0-1: Ball
1-1: SINGLE (Flyball, 89S)
Batting: RHB Gabriel Pérez 0-0: Called Strike
0-1: Ball
1-1: Ball
2-1: Foul Ball, location: 2F
2-2: Ball
3-2: Strikes out looking
Bottom of the 1st over - 1 run(s), 2 hit(s), 0 error(s), 1 left on base; Detroit 0 - Phoenix 1
TOP OF THE 2ND
Detroit Renaissance batting - Pitching for Phoenix Hotspur : LHP Wes Hamm
Batting: LHB Juan González 0-0: Ground out 4-3 (Groundball, 34)
Batting: RHB Chandler Bailey 0-0: Ball
1-0: SINGLE (Groundball, 2L) (infield hit)
Batting: RHB Nathan Horton 0-0: Called Strike
0-1: Ball
1-1: Ball
2-1: Ball
3-1: SINGLE (Groundball, 4M)
Chandler Bailey to second
Runner from 2nd tries for 3rd, SAFE, throw made to third
Batting: RHB Eric D'Angle 0-0: Ball
1-0: Ball
2-0: Ball
3-0: Base on Balls
Nathan Horton to second
Batting: RHB Ron Ward 0-0: Called Strike
0-1: Ball
1-1: SINGLE (Line Drive, 78M)
Chandler Bailey scores
Nathan Horton to third
Eric D'Angle to second
Runner from 3rd tries for Home, SAFE, throw made home
Eric D'Angle to third
Ron Ward to second
Batting: RHB Jeffery Campbell 0-0: Ball
1-0: Ground out 5-3 (Groundball, 5S)
Batting: RHB Ulbert Sutkamp 0-0: Called Strike
0-1: Foul Ball, location: 2F
0-2: Fly out, F6 (Popup, 6D)
Top of the 2nd over - 2 run(s), 3 hit(s), 0 error(s), 2 left on base; Detroit 2 - Phoenix 1
BOTTOM OF THE 2ND
Phoenix Hotspur batting - Pitching for Detroit Renaissance : LHP Lorenzo Sánchez
Batting: RHB António Padilla 0-0: Called Strike
0-1: Ground out 5-3 (Groundball, 5)
Batting: RHB Ángel Rivera 0-0: Ball
1-0: Ground out 5-3 (Groundball, 56S)
Batting: RHB Alfredo Martínez 0-0: Ball
1-0: Called Strike
1-1: Fly out, F9 (Flyball, 8RM)
Bottom of the 2nd over - 0 run(s), 0 hit(s), 0 error(s), 0 left on base; Detroit 2 - Phoenix 1
TOP OF THE 3RD
Detroit Renaissance batting - Pitching for Phoenix Hotspur : LHP Wes Hamm
Batting: RHB Bernardo Herrera 0-0: Ball
1-0: Swinging Strike
1-1: Ball
2-1: Ball
3-1: Base on Balls
Batting: LHB Mike Silver 0-0: Called Strike
Bernardo Herrera steals 2nd base
0-1: Ball
1-1: Ball
2-1: Ball
3-1: 2-RUN HOME RUN (Flyball, 8RXD), Distance : 443 ft
Batting: LHB Juan González 0-0: Ball
1-0: Called Strike
1-1: Ball
2-1: Swinging Strike
2-2: Strikes out swinging
Batting: RHB Chandler Bailey 0-0: Ball
1-0: Fly out, F9 (Line Drive, 89M)
Batting: RHB Nathan Horton 0-0: Ball
1-0: Foul Ball, location: 2F
1-1: Ball
2-1: SINGLE (Line Drive, 4D)
Batting: RHB Eric D'Angle 0-0: Ball
1-0: Swinging Strike
1-1: Called Strike
1-2: Ball
2-2: Ball
3-2: Foul Ball, location: 2F
3-2: Ground out 6-3 (Groundball, 56)
Top of the 3rd over - 2 run(s), 2 hit(s), 0 error(s), 1 left on base; Detroit 4 - Phoenix 1
BOTTOM OF THE 3RD
Phoenix Hotspur batting - Pitching for Detroit Renaissance : LHP Lorenzo Sánchez
Batting: LHB Rubén López 0-0: Swinging Strike
0-1: Foul Ball, location: 2F
0-2: Strikes out swinging
Batting: LHB Arthur Ryan 0-0: Foul Ball, location: 2F
0-1: Hit by Pitch
Batting: SHB Pedro Gómez 0-0: Swinging Strike
0-1: Foul Ball, location: 2F
0-2: Ball
1-2: Fly out, F6 (Line Drive, 6M)
Batting: RHB Martín Martínez 0-0: Foul Ball, location: 2F
0-1: Ball
1-1: Ball
2-1: Ball
3-1: Swinging Strike
3-2: Strikes out swinging
Bottom of the 3rd over - 0 run(s), 0 hit(s), 0 error(s), 1 left on base; Detroit 4 - Phoenix 1
TOP OF THE 4TH
Detroit Renaissance batting - Pitching for Phoenix Hotspur : LHP Wes Hamm
Batting: RHB Ron Ward 0-0: Called Strike
0-1: Ball
1-1: Ball
2-1: Fly out, F4 (Popup, 34D)
Batting: RHB Jeffery Campbell 0-0: Ball
1-0: Foul Ball, location: 2F
1-1: Foul Ball, location: 2F
1-2: Ball
2-2: Strikes out looking
Batting: RHB Ulbert Sutkamp 0-0: Swinging Strike
0-1: Called Strike
0-2: Ball
1-2: Foul Ball, location: 2F
1-2: Ball
2-2: Foul Ball, location: 2F
2-2: Fly out, F4 (Popup, 4)
Top of the 4th over - 0 run(s), 0 hit(s), 0 error(s), 0 left on base; Detroit 4 - Phoenix 1
BOTTOM OF THE 4TH
Phoenix Hotspur batting - Pitching for Detroit Renaissance : LHP Lorenzo Sánchez
Batting: RHB Raúl Robles 0-0: Ball
1-0: Ball
2-0: Called Strike
2-1: Foul Ball, location: 2F
2-2: SINGLE (Line Drive, 8LS)
Batting: RHB Gabriel Pérez 0-0: Called Strike
0-1: Swinging Strike
0-2: Fly out, F4 (Popup, 4)
Batting: RHB António Padilla 0-0: Ball
1-0: Called Strike
1-1: Ball
2-1: Grounds into double play, 3-6-3 (Groundball, 3)
Bottom of the 4th over - 0 run(s), 1 hit(s), 0 error(s), 0 left on base; Detroit 4 - Phoenix 1
TOP OF THE 5TH
Detroit Renaissance batting - Pitching for Phoenix Hotspur : LHP Wes Hamm
Batting: RHB Bernardo Herrera 0-0: Ball
1-0: Ball
2-0: Ball
3-0: Base on Balls
Batting: LHB Mike Silver 0-0: Called Strike
0-1: Ball
1-1: Ball
2-1: Called Strike
2-2: Strikes out swinging
Batting: LHB Juan González 0-0: Grounds into double play, U4-3 (Groundball, 4M)
Top of the 5th over - 0 run(s), 0 hit(s), 0 error(s), 0 left on base; Detroit 4 - Phoenix 1
BOTTOM OF THE 5TH
Phoenix Hotspur batting - Pitching for Detroit Renaissance : LHP Lorenzo Sánchez
Batting: RHB Ángel Rivera 0-0: Called Strike
0-1: Swinging Strike
0-2: Strikes out swinging
Batting: RHB Alfredo Martínez 0-0: Called Strike
0-1: Ball
1-1: Ball
2-1: Fly out, F7 (Popup, 6D)
Batting: LHB Rubén López 0-0: Ball
1-0: Ball
2-0: Swinging Strike
2-1: Called Strike
2-2: Strikes out looking
Bottom of the 5th over - 0 run(s), 0 hit(s), 0 error(s), 0 left on base; Detroit 4 - Phoenix 1
TOP OF THE 6TH
Detroit Renaissance batting - Pitching for Phoenix Hotspur : LHP Wes Hamm
Batting: RHB Chandler Bailey 0-0: Called Strike
0-1: Swinging Strike
0-2: Strikes out swinging
Batting: RHB Nathan Horton 0-0: SINGLE (Line Drive, 6MD)
Batting: RHB Eric D'Angle 0-0: Foul Ball, location: 2F
0-1: Grounds into double play, 6-4-3 (Groundball, 6)
Top of the 6th over - 0 run(s), 1 hit(s), 0 error(s), 0 left on base; Detroit 4 - Phoenix 1
BOTTOM OF THE 6TH
Phoenix Hotspur batting - Pitching for Detroit Renaissance : LHP Lorenzo Sánchez
Batting: LHB Arthur Ryan 0-0: Ball
1-0: Called Strike
1-1: TRIPLE (Line Drive, 9LM)
Batting: SHB Pedro Gómez 0-0: Ball
1-0: Ground out 5-3 (Groundball, 56)
Arthur Ryan scores
Batting: RHB Martín Martínez 0-0: Fly out, F7 (Flyball, 78M)
Batting: RHB Raúl Robles 0-0: Called Strike
0-1: Ball
1-1: Ball
2-1: Fly out, F9 (Flyball, 9LM)
Bottom of the 6th over - 1 run(s), 1 hit(s), 0 error(s), 0 left on base; Detroit 4 - Phoenix 2
TOP OF THE 7TH
Detroit Renaissance batting - Pitching for Phoenix Hotspur : LHP Wes Hamm
Batting: RHB Ron Ward 0-0: Ball
1-0: Ball
2-0: Called Strike
2-1: Ball
3-1: Foul Ball, location: 2F
3-2: Foul Ball, location: 2F
3-2: Base on Balls
Batting: RHB Jeffery Campbell 0-0: Sac Bunt - play at first, batter OUT! 1-4
Ron Ward to second
Batting: RHB Ulbert Sutkamp 0-0: Swinging Strike
0-1: Ball
1-1: Called Strike
1-2: Strikes out swinging
Batting: RHB Bernardo Herrera 0-0: Ball
1-0: Ball
2-0: Foul Ball, location: 2F
2-1: Ball
3-1: Base on Balls
Batting: LHB Mike Silver 0-0: Ball
1-0: Called Strike
1-1: DOUBLE (Line Drive, 9LM)
Ron Ward scores
Bernardo Herrera to third
Runner from 3rd tries for Home, SAFE, no throw or cutoff
Batting: LHB Juan González 0-0: Ball
1-0: Ground out 6-3 (Groundball, 6MS)
Top of the 7th over - 2 run(s), 1 hit(s), 0 error(s), 1 left on base; Detroit 6 - Phoenix 2
BOTTOM OF THE 7TH
Phoenix Hotspur batting - Pitching for Detroit Renaissance : LHP Lorenzo Sánchez
Batting: RHB Gabriel Pérez 0-0: Ball
1-0: Ball
2-0: Called Strike
2-1: Swinging Strike
2-2: Strikes out looking
Batting: RHB António Padilla 0-0: Called Strike
0-1: Swinging Strike
0-2: Ball
1-2: Foul Ball, location: 2F
1-2: Fly out, F9 (Flyball, 89XD)
Batting: RHB Ángel Rivera 0-0: Foul Ball, location: 2F
0-1: Ground out 6-3 (Groundball, 6)
Bottom of the 7th over - 0 run(s), 0 hit(s), 0 error(s), 0 left on base; Detroit 6 - Phoenix 2
TOP OF THE 8TH
Detroit Renaissance batting - Pitching for Phoenix Hotspur : LHP Wes Hamm
Batting: RHB Chandler Bailey 0-0: Ball
1-0: Called Strike
1-1: Called Strike
1-2: Ball
2-2: SINGLE (Line Drive, 6MD)
Pitching: RHP Pat McCormick
Batting: RHB Nathan Horton 0-0: Ball
1-0: Bunted foul
1-1: Sac Bunt - play at first, batter OUT! 1-4
Chandler Bailey to second
Batting: RHB Eric D'Angle 0-0: Called Strike
0-1: Fly out, F8 (Flyball, 8RD)
Runner from 2nd tags up, SAFE at 3rd, no throw
Batting: RHB Ron Ward 0-0: Ball
1-0: Called Strike
1-1: Ball
2-1: Fly out, F8 (Flyball, 8LD)
Top of the 8th over - 0 run(s), 1 hit(s), 0 error(s), 1 left on base; Detroit 6 - Phoenix 2
BOTTOM OF THE 8TH
Phoenix Hotspur batting - Pitching for Detroit Renaissance : LHP Lorenzo Sánchez
Batting: RHB Alfredo Martínez 0-0: Ball
1-0: Foul Ball, location: 2F
1-1: Called Strike
1-2: Foul Ball, location: 2F
1-2: Ball
2-2: Foul Ball, location: 2F
2-2: Foul Ball, location: 2F
2-2: Foul Ball, location: 2F
2-2: Ground out 6-3 (Groundball, 56D)
Batting: LHB Rubén López 0-0: Fly out, F8 (Flyball, 8LD)
Batting: LHB Arthur Ryan 0-0: Called Strike
0-1: Ball
1-1: Foul Ball, location: 2F
1-2: Ball
2-2: SINGLE (Line Drive, 8RS)
Batting: SHB Pedro Gómez 0-0: Called Strike
0-1: Foul Ball, location: 2F
0-2: Ball
1-2: Strikes out swinging
Bottom of the 8th over - 0 run(s), 1 hit(s), 0 error(s), 1 left on base; Detroit 6 - Phoenix 2
TOP OF THE 9TH
Detroit Renaissance batting - Pitching for Phoenix Hotspur : RHP Pat McCormick
Batting: RHB Jeffery Campbell 0-0: SINGLE (Groundball, 34)
Batting: RHB Ulbert Sutkamp 0-0: Called Strike
0-1: Ball
1-1: Bunted foul
1-2: Foul Ball, location: 2F
1-2: Foul Ball, location: 2F
1-2: Grounds into double play, 6-4-3 (Groundball, 6)
Batting: RHB Bernardo Herrera 0-0: Fly out, F9 (Flyball, 9LD)
Top of the 9th over - 0 run(s), 1 hit(s), 0 error(s), 0 left on base; Detroit 6 - Phoenix 2
BOTTOM OF THE 9TH
Phoenix Hotspur batting - Pitching for Detroit Renaissance : LHP Lorenzo Sánchez
Batting: RHB Martín Martínez 0-0: Ball
1-0: Called Strike
1-1: Swinging Strike
1-2: Foul Ball, location: 2F
1-2: Ball
2-2: Strikes out looking
Batting: RHB Raúl Robles 0-0: Ball
1-0: Called Strike
1-1: Called Strike
1-2: Ball
Reached via error on a dropped throw, E3
Pitching: RHP Rafael García
Batting: RHB Gabriel Pérez 0-0: Ball
1-0: Foul Ball, location: 2F
1-1: Foul Ball, location: 2F
1-2: Strikes out looking
Batting: RHB António Padilla 0-0: Called Strike
0-1: Swinging Strike
0-2: Strikes out swinging
Bottom of the 9th over - 0 run(s), 0 hit(s), 1 error(s), 1 left on base; Detroit 6 - Phoenix 2
This league is powered by Out of the Park Baseball, the baseball management simulation game for PC, Mac and Linux
Monday, October 3rd, 2016 - OOTP Baseball 16.9 Build 39